 Dungeon Crawl Stone Soup version 0.24.0-13-gcf9b3192b9 (webtiles) character file.

Game seed: 14922829484481771768, levelgen mode: deterministic

33 Gynju the Chopper (level 3, 0/33 HPs)
             Began as a Deep Dwarf Fighter on Nov 6, 2019.
             Slain by a sky beast (2 damage)
             ... on level 2 of the Dungeon.
             The game lasted 00:00:46 (608 turns).

Gynju the Chopper (Deep Dwarf Fighter)               Turns: 608, Time: 00:00:46

Health: 0/33       AC:  6    Str: 20    XL:     3   Next: 12%
Magic:  3/3        EV:  7    Int:  8    God:
Gold:   27         SH:  9    Dex: 12    Spells: 2/2 levels left

rFire    . . .     SeeInvis .   a - +0 war axe
rCold    . . .     Gourm    .   c - +0 shield
rNeg     . . .     Faith    .   b - +0 scale mail
rPois    .         Spirit   .   (no helmet)
rElec    .         Reflect  .   (no cloak)
rCorr    .         Harm     .   (no gloves)
MR       .....                  (no boots)
Stlth    ..........             (no amulet)
HPRegen  0.00/turn              (no ring)
MPRegen  0.08/turn              (no ring)

@: non-regenerating
A: damage resistance, heal wounds, sense surroundings 1, no regeneration
a: Heal Wounds


You were on level 2 of the Dungeon.
You were not hungry.

You visited 1 branch of the dungeon, and saw 2 of its levels.

You collected 27 gold pieces.

Inventory:

Hand Weapons
 a - a +0 war axe (weapon)
Missiles
 k - 6 curare-tipped darts (quivered)
Armour
 b - a +0 scale mail (worn)
 c - a +0 shield (worn)
Jewellery
 j - an uncursed ring of resist corrosion {unknown}
Scrolls
 e - 2 scrolls of identify {unknown}
 l - a scroll of remove curse {unknown}
 m - a scroll of teleportation {unknown}
Potions
 d - a potion of might
 h - a potion of berserk rage {unknown}
 i - 2 potions of curing {unknown}
Comestibles
 f - 2 rations
 g - 5 chunks of flesh


   Skills:
 - Level 2.6 Fighting
 + Level 4.0 Axes
 - Level 3.2 Armour
 - Level 3.2 Shields


You had 2 spell levels left.
You didn't know any spells.
Your spell library was empty.

Dungeon Overview and Level Annotations

Branches:
Dungeon (1/15)

Altars:


Innate Abilities, Weirdness & Mutations

You are resistant to damage.
You can heal yourself by infusing magical energy.
You passively map a small area around you.
You do not regenerate.


Message History

The sky beast is heavily wounded.
The sky beast hits you but does no damage.
You closely miss the sky beast.
The sky beast is heavily wounded.
The sky beast flickers out of sight!
Deactivating autopickup; reactivate with Ctrl-A.
You block something's attack. The dart slug launches a dart at you.
The slug dart hits something.
You hit something. Something hits you. Something shocks you.
* * * LOW HITPOINT WARNING * * *
Something hits you but does no damage.
You miss something. Something hits you but does no damage.
You closely miss something. Something hits you but does no damage.
Something hits you. Something shocks you.
* * * LOW HITPOINT WARNING * * *
You miss something. Something hits you but does no damage.
You miss something. Something hits you but does no damage.
You hit something. Something hits you.
You die...

.รท......#
#.....#
........#
#####.#
........#
#.#
.....####
#.# .#####
#.# .# #.#
.# #.# .#
#.#### .#
#.@{w# .#
####.# .#
* * ,# .#
, , ,, .#
* * .# .#,
.# * .#


You could see a dart slug.

Vanquished Creatures
  An ooze (D:1)
  A worm (D:2)
  A leopard gecko (D:1)
  4 bats
  4 goblins
  2 hobgoblins
  4 jackals (D:1)
  3 frilled lizards
  3 rats
23 creatures vanquished.

Notes
Turn   | Place    | Note
-------+----------+-------------------------------------------
     0 | D:1      | Gynju the Deep Dwarf Fighter began the quest for the Orb.
     0 | D:1      | Reached XP level 1. HP: 20/20 MP: 1/1
   161 | D:1      | Reached skill level 3 in Axes
   162 | D:1      | Reached XP level 2. HP: 25/27 MP: 2/2
   226 | D:1      | You fall into a shaft and drop 1 floor!
   352 | D:2      | Reached XP level 3. HP: 27/33 MP: 3/3
   510 | D:2      | Reached skill level 4 in Axes
   593 | D:2      | Noticed a sky beast
   608 | D:2      | Slain by a sky beast

Levels and vault maps discovered:
D:1:      minmay_arrival_loop, layout_loops_corners
D:2:      layout_basic

Skill      XL: |  1  2  3 |
---------------+----------+-----
Axes           | 3 4 |  4.0
Fighting       | |  2.6
Armour         | |  3.2
Shields        | |  3.2

Action                   || total
-------------------------++-------
Melee: War axe           ||    88
Armor: Scale mail        ||    46
Dodge: Dodged            ||    25
Block: Shield            ||    63
